 Dungeon Sprint DCSS version 0.30-a0-118-ga018f8e90f (webtiles) character file.

Game seed: 3869988981835995005

12 BigDaddyOpFi the Covered (level 1, -1/17 (20) HPs)
             Began as a Minotaur Fighter on Sept 13, 2022.
             Was an Initiate of Ru.
             Slain by a hell rat (6 damage)
             ... in the Dungeon (Sprint VI: "Thunderdome").
             The game lasted 00:00:54 (186 turns).

BigDaddyOpFi the Covered (Minotaur Fighter)          Turns: 186, Time: 00:00:55

HP:   -1/17 (20)    AC:  7    Str: 20    XL:     1   Next: 58%
MP:   0/0           EV: 13    Int:  5    God:    Ru [......]
Gold: 85            SH:  5    Dex: 12    Spells: 0/0 levels left

rFire   . . .      SeeInvis .    a - +0 war axe
rCold   + + .      Faith    .    c - +0 buckler
rNeg    . . .      Spirit   .    b - +0 scale mail
rPois   .          Reflect  .    (helmet restricted)
rElec   +          Harm     .    (no cloak)
rCorr   .          Rampage  .    (no gloves)
Will    .....      NoTele   +    (no boots)
Stlth   ..........               p - amulet "Ypip" {RegenMP rC+}
HPRegen 0.05/turn                o - ring "Odewul" {Fly rElec rF+ EV+4}
MPRegen 0.47/turn                q - ring "Waupna" {Ice Dex+3}

@: flying, heavily drained
A: horns 2, retaliatory headbutt
a: Renounce Religion


You were in the Dungeon.
You worshipped Ru.
Ru was noncommittal.
You visited 1 branch You collected 220 gold pieces.
You spent 135 gold pieces at shops.

Inventory:

Hand Weapons
 a - a +0 war axe (weapon)
Armour
 b - a +0 scale mail (worn)
 c - a +0 buckler (worn)
Jewellery
 o - the ring "Odewul" (left hand) {Fly rElec rF+ EV+4}
   (You bought it in a shop in the Dungeon)

   [ring of evasion]

   EV:        It affects your evasion (+4).
   rF:        It protects you from fire.
   rElec:     It insulates you from electricity.
   Fly:       It grants you flight.
 p - the amulet "Ypip" (around neck) {RegenMP rC+}
   (You bought it in a shop in the Dungeon)

   [amulet of magic regeneration]

   It increases your rate of magic regeneration.
   rC:        It protects you from cold.
 q - the ring "Waupna" (right hand) {Ice Dex+3}
   (You bought it in a shop in the Dungeon)

   [ring of ice]

   It enhances your ice magic.
   Dex:       It affects your dexterity (+3).
   rF:        It makes you vulnerable to fire.
   rC:        It protects you from cold.
Wands
 l - a wand of light (5)
 m - a wand of roots (5)
Scrolls
 j - 4 scrolls of blinking
 n - 3 scrolls of fog
Potions
 d - a potion of might
 e - a potion of curing
 f - 4 potions of heal wounds
 g - 4 potions of haste
 h - 2 potions of magic
 i - a potion of berserk rage
 k - a potion of resistance


   Skills:
 + Level 4.2 Fighting
 + Level 2.7 Axes
 + Level 4.3 Armour
 + Level 4.2 Shields


You couldn't memorise any spells.
You didn't know any spells.
Your spell library was empty.

Dungeon Overview and Level Annotations

Branches:
Dungeon (1/1)

Altars:
Cheibriados
Dithmenos
Fedhas
Gozag
Kikubaaqudgha
Makhleb
Okawaru
Qazlal
Ru
Sif Muna
Trog
Uskayaw
Vehumet
Wu Jian
Xom
Yredelemnul
Zin
The Shining One
Lugonu

Shops:
D *[??*?*:[((!!!!


Innate Abilities, Weirdness & Mutations

You have a pair of horns on your head.
You reflexively headbutt those who attack you in melee.


Message History

You completely miss the hobgoblin. 50...
The hobgoblin hits you but does no damage.
You hit the hobgoblin.
You kill the hobgoblin!
Victory!
Score multiplier: 2x You now have 12 arena points (gained 12).
You now have 85 gold pieces (gained 20).
You see here a hobgoblin corpse.
There is a sacrificial altar of Ru here.
You hover solemnly before the altar of Ru.
Ru welcomes you!
You see here a hobgoblin corpse.
You start resting.
HP restored.
You start waiting.
Get ready!
You start waiting.
ROUND 2!
FIGHT!
You sense a tension in the east.
You start waiting.
A hell rat comes into view.
The hell rat roars deafeningly!
You hit the hell rat.
You headbutt the hell rat, but do no damage.
The hell rat is lightly wounded.
The hell rat bites you.
You feel drained.
You hit the hell rat.
The hell rat is moderately wounded.
The hell rat bites you but does no damage.
The hell rat closely misses you. You furiously retaliate!
You headbutt the hell rat, but do no damage.
You hit the hell rat. Your headbutt misses the hell rat.
The hell rat is heavily wounded.
The hell rat bites you!
Ouch! That really hurt!
* * * LOW HITPOINT WARNING * * *
You feel drained.
You die...

#⌠...........⌠#
######.8.........8.####
##.___......###.......__
###∩..†.....8.# #.8.......
##.............###.........
#⌠..........###...###......
#⌠..........# #.<.# #......
#⌠..........###...###......
##.....)..@r...###.........
###∩........8.# #.8.......
##∩___......###......___
######.8.........8.####
#⌠...........⌠#
###.........### #........_#
#_......._# #_......._#


You could see a hell rat.

Vanquished Creatures
  A ball python (D)
  A hobgoblin (D)
  A bat (D)
  A kobold (D)
  A rat (D)
5 creatures vanquished.

Notes
Turn   | Place    | Note
-------+----------+-------------------------------------------
     0 | D        | BigDaddyOpFi the Minotaur Fighter began the quest for the
                  | Orb.
     0 | D        | Reached XP level 1. HP: 19/19 MP: 0/0
     3 | D        | Found an iron altar of Okawaru.
     4 | D        | Found a sacrificial altar of Ru.
     4 | D        | Found a radiant altar of Vehumet.
     5 | D        | Found a glowing silver altar of Zin.
     5 | D        | Found a hide-covered altar of Uskayaw.
     5 | D        | Round 1.
     6 | D        | Found a blossoming altar of Fedhas.
     6 | D        | Found a shimmering altar of Xom.
     6 | D        | Found Odeataffi's Identification Station.
     7 | D        | Found Veser's Jewellery.
     7 | D        | Found Itoal's Advanced Armour.
    18 | D        | Bought a faintly glowing bone ring for 45 gold pieces
    18 | D        | Identified the ring "Odewul" {Fly rElec rF+ EV+4} (You
                  | bought it in a shop in the Dungeon)
    18 | D        | Bought a fine iron amulet for 45 gold pieces
    18 | D        | Identified the amulet "Ypip" {RegenMP rC+} (You bought it
                  | in a shop in the Dungeon)
    18 | D        | Bought an ancient ivory ring for 45 gold pieces
    18 | D        | Identified the ring "Waupna" {Ice Dex+3} (You bought it in
                  | a shop in the Dungeon)
    34 | D        | Found an opulent altar of Gozag.
    43 | D        | Found a snail-covered altar of Cheibriados.
    43 | D        | Found Rarinweo's Premium Goods.
    44 | D        | Found Ciddos's Miscellaneous Merchandise.
    44 | D        | Found Geteazuq's Basic Armour.
    45 | D        | Found a glowing golden altar of the Shining One.
    45 | D        | Found a shimmering blue altar of Sif Muna.
    45 | D        | Found Lian's Weapon Rack.
    51 | D        | Found a shadowy altar of Dithmenos.
    56 | D        | Found a bloodstained altar of Trog.
    56 | D        | Found a corrupted altar of Lugonu.
    56 | D        | Found Rophumnu's Do-It-Yourself Clinic.
    56 | D        | Found Giumiyrph's Bottled Wisdom.
    57 | D        | Found Ogiviov's Distillery.
    58 | D        | Found an ornate altar of the Wu Jian Council.
    58 | D        | Found an ancient bone altar of Kikubaaqudgha.
    58 | D        | Found Suucreosso's Distillery.
    62 | D        | Found a burning altar of Makhleb.
    66 | D        | Found a basalt altar of Yredelemnul.
    67 | D        | Found Pieran's Staff Store.
    68 | D        | Found Vieluill's Must-Have Magic.
    68 | D        | Found Napoim's Magic Scroll Shop.
    69 | D        | Found a stormy altar of Qazlal.
    69 | D        | Found Opseink's Magic Scroll Shop.
    89 | D        | Arena points: 12 (+12) [x2]
    95 | D        | Became a worshipper of Ru the Awakened
   152 | D        | Round 2.
   181 | D        | Noticed a hell rat
   186 | D        | Slain by a hell rat

Illustrated notes

Levels and vault maps discovered:
D:        arena_sprint

Skill      XL: |  1 |
---------------+----+-----
Fighting       | 4 |  4.2
Armour         | 4 |  4.3
Shields        | 4 |  4.2
Axes           | |  2.7

Action                   || total
-------------------------++-------
Melee: War axe           ||    12
       Headbutt          ||     1
Armor: Scale mail        ||     7
Dodge: Dodged            ||     8
Block: Buckler           ||     1

Table legend: (Time is in decaauts)
 A = Elapsed time spent in this place.
 B = Non-inter-level travel time spent in this place.
 C = Inter-level travel time spent in this place.
 D = Time resting spent in this place.
 E = Time spent auto-exploring this place.
 F = Levels seen in this place.
 G = Mean time per level.
                   A        B        C        D        E       F      G
               +--------+--------+--------+--------+--------+-----+--------+
         Total |    189 |    186 |      3 |     74 |      0 |   1 |  189.0 |
       Dungeon |    189 |    186 |      3 |     74 |      0 |   1 |  189.0 |
               +--------+--------+--------+--------+--------+-----+--------+

Top non-repeatable levels by time:
       D: 189 daAuts
